 Dungeon Crawl Stone Soup version 0.29-a0-472-ge5599a681e (webtiles) character file.

Game seed: 6567907331256915994

454969 quokkamancerX the Warrior (level 23, -8/150 HPs)
             Began as a Green Draconian Conjurer on May 20, 2022.
             Was the Champion of Vehumet.
             Mangled by a thrashing horror (9 damage)
             ... on level 4 of the Abyss on May 22, 2022.
             The game lasted 08:49:56 (109728 turns).

quokkamancerX the Warrior (DrCj)                  Turns: 109728, Time: 08:49:57

Health: -8/150     AC: 20    Str: 10    XL:     23   Next: 26%
Magic:  3/37       EV: 12    Int: 27    God:    Vehumet [******]
Gold:   3883       SH: 25    Dex:  6    Spells: 5/42 levels left

rFire   + . .      SeeInvis .   a - staff of conjuration
rCold   + . .      Faith    .   u - +8 tower shield
rNeg    . . .      Spirit   .   (body armour unavailable)
rPois   +          Reflect  .   P - +2 hat
rElec   .          Harm     .   E - scarf {rC+ rF+}
rCorr   .          Rampage  ∞   Q - +2 pair of gloves
Will    ++...                   w - +3 pair of seven-league boots {Rampage+∞}
Stlth   +++.......              W - amulet of magic regeneration
HPRegen 0.00/turn               H - ring of wizardry
MPRegen 0.65/turn               L - ring of willpower

@: inhibited regen, hasted, very quick
A: breathe noxious fumes, AC +11, unfitting armour, stinger 1, poison
resistance, cold-blooded, weak 1, [clumsy 2], frail 1[+2], [inhibited
regeneration]
}: 2/15 runes: decaying, gossamer
a: Breathe Noxious Fumes, Renounce Religion


You were on level 4 of the Abyss.
You worshipped Vehumet.
Vehumet was exalted by your worship.
You visited 8 branches of the dungeon, and saw 42 of its levels.
You visited the Abyss 1 time.
You also visited: Bailey and Desolation.

You collected 5251 gold pieces.
You spent 1368 gold pieces at shops.

Inventory:

Hand Weapons
 b - a +6 demon whip of freezing
Missiles
 I - 20 curare-tipped darts
 U - a throwing net
Armour
 u - a +8 tower shield (worn)
 w - the +3 pair of seven-league boots (worn) {Rampage+∞}
   (You acquired it on level 1 of the Elven Halls)

   Its wearer moves as far as possible in that direction when moving towards
   enemies.
 E - a scarf of resistance (worn)
 P - a +2 hat (worn)
 Q - a +2 pair of gloves (worn)
Magical Staves
 a - a staff of conjuration (weapon)
Jewellery
 c - a ring of positive energy
 g - a ring of protection from fire
 o - an amulet of the acrobat
 F - a +6 ring of strength
 H - a ring of wizardry (left hand)
 L - a ring of willpower (right hand)
 M - a ring of resist corrosion
 O - a ring of protection from cold
 W - an amulet of magic regeneration (around neck)
 X - the ring "Rant" {rElec MP+9}
   (You found it in the Desolation of Salt)

   [ring of magical power]

   rElec:     It insulates you from electricity.
   MP:        It affects your magic capacity (+9).
Wands
 i - a wand of charming (13)
 q - a wand of polymorph (10)
 r - a wand of paralysis (10)
 A - a wand of acid (6)
 J - a wand of digging (13)
 K - a wand of iceblast (32)
 S - a wand of flame (75)
Scrolls
 d - 8 scrolls of immolation
 e - 2 scrolls of vulnerability
 j - 4 scrolls of poison
 m - 8 scrolls of blinking
 t - 8 scrolls of magic mapping
 v - 12 scrolls of fog
 x - 5 scrolls of amnesia
 T - a scroll of enchant armour
 V - 6 scrolls of fear
Potions
 k - 10 potions of haste
 l - 9 potions of mutation
 n - 6 potions of attraction
 p - 3 potions of magic
 s - 9 potions of ambrosia
 z - 17 potions of curing
 B - 4 potions of brilliance
 C - 5 potions of might
 D - 2 potions of invisibility
 G - 10 potions of flight
 N - 2 potions of resistance
Miscellaneous
 R - a phantom mirror


   Skills:
 - Level 20.0 Fighting
 - Level 12.0 Dodging
 - Level 8.0 Stealth
 - Level 16.0 Shields
 - Level 10.0 Spellcasting
 + Level 19.8 Conjurations
 - Level 6.0 Hexes
 - Level 10.0 Summonings
 - Level 6.0 Transmutations
 - Level 20.0 Earth Magic


You had 5 spell levels left.
You knew the following spells:

 Your Spells              Type           Power      Damage    Failure   Level
a - Magic Dart            Conj           100%       1d8       0%          1
b - Lehudib's Crystal Sp  Conj/Erth      55%        10d13     3%          8
c - Yara's Violent Unrav  Hex/Tmut       23%        3d10      4%          5
d - Spellforged Servitor  Conj/Summ      48%        N/A       3%          7
e - Irradiate             Conj/Tmut      45%        3d28      1%          5
f - Lee's Rapid Deconstr  Erth           44%        3d22*     1%          5
h - Iron Shot             Conj/Erth      55%        9d10      1%          6

Your spell library contained the following spells:

 Spells                   Type           Power      Damage    Failure   Level
 Ignition                 Fire           6%         3d4       100%        8
 Polar Vortex             Ice            6%         N/A       100%        9
 Sandblast                Erth           100%       2d20      0%          1
 Searing Ray              Conj           100%       2d8       0%          2
 Stone Arrow              Conj/Erth      100%       3d13      0%          3
 Beastly Appendage        Tmut           92%        N/A       1%          1
 Foxfire                  Conj/Fire      100%       2x1d9     1%          1
 Freeze                   Ice            52%        1d7       1%          1
 Summon Small Mammal      Summ           100%       N/A       1%          1
 Passwall                 Tmut/Erth      59%        N/A       1%          2
 Wereblood                Tmut           46%        N/A       1%          2
 Call Canine Familiar     Summ           61%        N/A       1%          3
 Confusing Touch          Hex            45%        N/A       1%          3
 Conjure Flame            Conj/Fire      79%        6-21      1%          3
 Dazzling Flash           Conj/Hex       100%       N/A       1%          3
 Inner Flame              Hex/Fire       29%        N/A       1%          3
 Summon Guardian Golem    Hex/Summ       54%        N/A       1%          3
 Flame Wave               Conj/Fire      79%        2d14      1%          4
 Fulminant Prism          Conj/Hex       45%        3d21      1%          4
 Hailstorm                Conj/Ice       79%        3d16      1%          4
 Iskenderun's Mystic Bla  Conj/Tloc      79%        2d16      1%          4
 Petrify                  Tmut/Erth      71%        N/A       1%          4
 Fireball                 Conj/Fire      39%        3d16      1%          5
 Iskenderun's Battlesphe  Conj           100%       2d15      1%          5
 Frozen Ramparts          Ice            26%        1d4       4%          3
 Spider Form              Tmut/Pois      29%        N/A       4%          3
 Summon Mana Viper        Hex/Summ       54%        N/A       6%          5
 Summon Ice Beast         Ice/Summ       40%        N/A       7%          4
 Summon Lightning Spire   Summ/Air       40%        N/A       7%          4
 Blink                    Tloc           26%        N/A       9%          2
 Sublimation of Blood     Necr           13%        N/A       9%          2
 Gell's Gravitas          Tloc           13%        N/A       16%         3
 Lesser Beckoning         Tloc           13%        N/A       16%         3
 Teleport Other           Tloc           13%        N/A       16%         3
 Ice Form                 Ice/Tmut       29%        N/A       16%         4
 Animate Dead             Necr           13%        N/A       45%         4
 Manifold Assault         Tloc           13%        N/A       80%         5
 Orb of Destruction       Conj           55%        9d14      1%          7
 Conjure Ball Lightning   Conj/Air       39%        3x3d13    4%          6
 Statue Form              Tmut/Erth      47%        N/A       4%          6
 Shatter                  Erth           44%        3d34*     34%         9
 Monstrous Menagerie      Summ           30%        N/A       56%         7
 Enfeeble                 Hex            22%        N/A       98%         7
 Haunt                    Necr/Summ      20%        N/A       99%         7
 Simulacrum               Ice/Necr       6%         N/A       100%        6
 Storm Form               Tmut/Air       14%        N/A       100%        7
 Infestation              Necr           6%         N/A       100%        8
 Maxwell's Capacitive Co  Air            6%         ∞         100%        8
 Chain Lightning          Conj/Air       39%        3d52      100%        9
 Fire Storm               Conj/Fire      39%        8d10      100%        9
 Animate Armour           Summ/Erth      Unusable   N/A       N/A         4

Dungeon Overview and Level Annotations

Branches:
Dungeon (15/15)            Temple (0/1) D:7            Lair (6/6) D:10
  Swamp (4/4) Lair:3       Spider (4/4) Lair:4        Slime (0/5) Lair:6
    Orc (2/2) D:10            Elf (3/3) Orc:2        Vaults (4/5) D:14
  Crypt (0/3) Vaults:2     Depths (4/4) D:15            Zot (0/5) Depths:4
 Bailey (visited)         Desolation (visited)

Altars:
Cheibriados
Dithmenos
Elyvilon
Fedhas
Hepliaklqana
Nemelex Xobeh
Okawaru
Qazlal
Ru
Sif Muna
Trog
Uskayaw
Vehumet
Xom
Zin
Jiyva
Lugonu

Shops:
D:5 *   Orc:2 [[([*   Vaults:3 (   Depths:2 *   Depths:4 [

Portals:
Hell: Depths:1 Depths:2 Depths:3 Depths:4
Abyss: Lair:6 Swamp:4 Depths:1 Depths:3 Depths:4
Pandemonium: Depths:1 Depths:2
Ziggurat: Depths:3

Annotations:
Spider:2 exclusion: downstairs
Elf:2 3 runed translucent doors


Innate Abilities, Weirdness & Mutations

You can breathe blasts of noxious fumes.
Your lurid green scales are hard. (AC +11)
You cannot fit into any form of body armour.
Your tail ends in a venomous barb.
Your system is resistant to poisons. (rPois)
You are cold-blooded and may be slowed by cold attacks.
You are weak. (Str -2)
[You are very clumsy. (Dex -4)]
[You are extremely frail. (-30% HP)]
[You do not regenerate when monsters are visible.]


Message History

The starcursed mass suddenly seems more agile.
The starcursed mass is engulfed in seething chaos.
The starcursed mass is moving more slowly.
The apocalypse crab breathes chaos at you.
The blast of chaos engulfs you but does no damage.
You bump into the rock wall.
You are engulfed in seething chaos.
You feel yourself slow down.
The apocalypse crab is engulfed in seething chaos.
The apocalypse crab seems to slow down.
The apocalypse crab breathes chaos at you.
The blast of chaos engulfs you but does no damage.
A thrashing horror comes into view.
The thrashing horror roars!
You feel strangely stable.
Your magical effects are unravelling.
You feel magically purged.
You are engulfed in seething chaos.
You feel yourself speed up.
You feel yourself speed up.
You feel less confused.
A thrashing horror comes into view.
The thrashing horror moves out of view.
A starcursed mass splits.
You block the thrashing horror's attack.
The thrashing horror tramples you but does no damage.
Casting: Iron Shot (mildly dangerous; 1% risk of failure)
Confirm with . or Enter, or press ? or * to list all spells.
Aiming: Iron Shot (mildly dangerous; 1% risk of failure)
Press: ? - help, Shift-Dir - straight line, f/p - apocalypse crab
Aim: an apocalypse crab (almost dead, slow, 90% to hit)
You feel a surge of power!
The iron shot hits the thrashing horror!!!
The thrashing horror is severely damaged.
You block the thrashing horror's attack. x2
Blink to where?
Press: ? - help, Dir - move target, p - apocalypse crab
As you read the scroll of blinking, it crumbles to dust.
A starcursed mass splits.
The thrashing horror churns violently!
The thrashing horror seems to grow stronger.
The thrashing horror tramples you!
You die...

##§ # .#. . . .
## . . #.# # #
.# ..#.# # . v
### #..#.## .#
.#§#####..#.#..
.
##.####...#...
#...XX@#...#..
#.#.t#.....X..
#.#XX.X..######
#.X.#X#.##
...##.######
### .# #X # ..
#X## #. .XX§.
.. §# #.


You could see 5 starcursed masses, an apocalypse crab (slow) and 3 thrashing
horrors.

Vanquished Creatures
  Mara (Swamp:3)
  Bai Suzhen (Spider:3)
  Xtahua (Depths:4)
  Nikola (Spider:3)
  2 bone dragons
  Jorgrun (Orc:1)
  2 walking crystal tomes
  2 liches (Depths:3)
  Rupert (D:13)
  A Hell Sentinel (Abyss:3)
  Mlioglotl (Spider:1)
  Asterion (Spider:3)
  A deep elf blademaster (Elf:3)
  A tentacled monstrosity (Depths:4)
  A quicksilver dragon (Vaults:4)
  A titan (Depths:3)
  3 sphinxes
  Kirke (D:13)
  2 tengu reavers
  A draconian monk (Depths:4)
  Roxanne (Spider:1)
  A thorn hunter (Swamp:4)
  3 shadow dragons
  2 fire giants
  An iron dragon (Depths:4)
  An imperial myrmidon (Desolation)
  5 frost giants
  3 deep elf sorcerers
  9 vault wardens
  5 orc warlords
  Louise (Depths:4)
  6 emperor scorpions
  3 ghost moths
  10 ironbound preservers
  A war gargoyle (Vaults:4)
  9 very ugly things
  3 broodmothers
  A deep elf elementalist (Elf:2)
  13 stone giants
  3 spriggan defenders
  5 ironbound thunderhulks
  A deep elf demonologist (Elf:3)
  A green draconian (Depths:3)
  3 deep elf annihilators
  A black draconian (Depths:4)
  10 dire elephants
  5 entropy weavers
  A red draconian (Depths:4)
  3 spark wasps
  2 halazid warlocks (Desolation)
  A bunyip (Swamp:4)
  3 green deaths
  An ettin (Depths:3)
  3 deep elf death magi
  3 crystal guardians
  4 fire dragons
  A shambling mangrove (Swamp:3)
  2 deep elf high priests (Elf:3)
  12 yaktaur captains
  3 great orbs of eyes
  9 ragged hierophants
  2 rakshasas
  8 servants of whispers (Desolation)
  8 vault guards
  6 ice dragons
  A boulder beetle (shapeshifter) (Elf:3)
  7 ironbound frosthearts
  13 peacekeepers
  11 centaur warriors
  12 boulder beetles
  4 spriggan air magi
  Erica (D:10)
  2 ogre magi (Orc:2)
  A radroach (Spider:4)
  21 hydras
  13 two-headed ogres
  8 deep troll shamans
  6 alligators
  4 dancing weapons
  4 tengu warriors
  15 death yaks
  8 thrashing horrors
  An orc high priest (Orc:2)
  3 deep troll earth magi
  A titan zombie (D:15)
  3 hell knights (Depths:3)
  6 spriggan berserkers
  6 wretched stars
  16 deep elf knights
  A sun demon (Depths:1)
  19 large abominations
  7 pharaoh ants
  2 sixfirhies
  21 skeletal warriors
  5 iron trolls (Depths:2)
  3 glowing orange brains
  7 steelbarb worms
  A death drake (Swamp:2)
  A spatial maelstrom (Abyss:3)
  8 orb spiders
  2 flayed ghosts
  3 goliath frogs
  7 spriggan druids
  31 deep trolls
  5 bog bodies
  8 swamp dragons
  3 wizards
  14 deep elf archers
  11 deep elf zephyrmancers
  9 orc knights
  17 ironbound convokers
  7 harpies (Vaults:3)
  2 phantasmal warriors
  3 necromancers
  A golden dragon skeleton (D:15)
  3 orc sorcerers
  13 wolf spiders
  8 lindwurms
  12 deep elf pyromancers
  A manticore (D:13)
  2 will-o-the-wisps
  16 ugly things
  7 cyclopes
  2 moths of wrath
  A manticore (shapeshifter) (Depths:2)
  A fire giant skeleton (D:15)
  A frost giant skeleton (D:15)
  22 elephants
  5 human skeletons (Vaults:2)
  2 stone giant skeletons (Vaults:2)
  An orange demon (Depths:1)
  12 vault sentinels
  4 black mambas
  A guardian serpent (shapeshifter) (D:13)
  A molten gargoyle (Desolation)
  4 smoke demons
  4 guardian serpents (Desolation)
  2 rust devils (Abyss:3)
  8 torpor snails
  3 gargoyles
  14 cane toads
  10 demonic crawlers
  A freezing wraith (Vaults:3)
  2 unseen horrors (Depths:3)
  2 kobold demonologists
  A komodo dragon (shapeshifter) (Elf:2)
  40 yaktaurs
  6 rime drakes
  4 tengu conjurers
  10 komodo dragons
  A hellwing (Abyss:4)
  2 elf skeletons (Vaults:2)
  A red devil (Depths:1)
  A troll (shapeshifter) (D:13)
  20 trolls
  12 tyrant leeches
  3 meliai
  4 ancient zymes
  A yaktaur skeleton (Vaults:2)
  16 hornets
  22 tarantellas
  A queen bee (shapeshifter) (D:13)
  73 saltlings
  A queen bee (Lair:1)
  3 bloated husks
  4 polar bears
  32 slime creatures
  A raiju (Abyss:3)
  31 blink frogs
  Sigmund (D:2)
  2 centaur simulacra
  4 flying skulls (Abyss:3)
  6 starcursed masses (Abyss:3)
  A vampire (D:9)
  3 ettin skeletons (Vaults:2)
  21 spriggans
  3 air elementals
  18 culicivoras
  22 jumping spiders
  3 shadows
  6 wyverns
  Eustachio (D:5)
  7 water elementals
  5 ynoxinuls
  2 golden eyes (Abyss:3)
  2 hogs (D:13)
  3 wraiths
  46 yaks
  6 basilisks
  3 fire elementals
  4 chaos spawn
  A steam dragon (Lair:5)
  4 neqoxecs
  39 redbacks
  7 wargs
  Menkaure (D:7)
  13 vampire mosquitoes
  A spatial vortex (Abyss:3)
  13 swamp worms
  3 acid dragons
  3 hell hounds
  An acid dragon (shapeshifter) (Lair:6)
  A nameless horror (D:14)
  12 water moccasins
  Duvessa (D:7)
  21 small abominations
  A sky beast (D:8)
  33 orc warriors
  2 black bears
  10 swamp drakes
  An ice beast (D:5)
  3 boggarts (D:14)
  17 wolves
  24 ogres
  5 centaurs
  A phantom (D:5)
  29 kobold brigands
  15 bullfrogs
  4 earth elementals
  5 gnoll sergeants
  A necrophage (D:4)
  6 scorpions
  16 wights
  Dowan (D:7)
  21 killer bees
  A howler monkey (D:10)
  10 electric eels
  2 hounds (D:5)
  22 orc priests
  3 iron imps (Abyss:3)
  3 hell rats (Lair:1)
  9 iguanas
  20 orc wizards
  14 gnolls
  A gnoll (shapeshifter) (Lair:6)
  5 adders
  15 river rats (Lair:1)
  2 white imps
  3 ufetubi
  3 worms
  5 dart slugs
  103 orcs
  3 bats
  11 endoplasms
  5 giant cockroaches
  7 goblins
  6 hobgoblins
  7 jackals
  55 kobolds
  9 quokkas
  10 ball pythons
  9 frilled lizards
  24 rats
  3 bushes (D:1)
  3 lurking horrors
1883 creatures vanquished.

Vanquished Creatures (collateral kills)
  A juggernaut (Depths:3)
  Frederick (Depths:4)
  A caustic shrike (Depths:3)
  A golden dragon (Depths:4)
  A deep elf master archer (Elf:3)
  A sphinx (Depths:2)
  4 fire giants
  A frost giant (Depths:2)
  A draconian shifter (Depths:4)
  2 ironbound preservers (Vaults:4)
  A stone giant (Depths:2)
  4 very ugly things
  3 dire elephants (Vaults:1)
  A fire dragon (Depths:4)
  An ettin (Depths:3)
  A great orb of eyes (Vaults:4)
  A yaktaur captain (Vaults:1)
  2 ice dragons
  A rakshasa (Depths:2)
  A dancing weapon (Elf:3)
  2 deep troll shamans (Depths:3)
  2 tengu warriors (Depths:1)
  A deep troll earth mage (Depths:3)
  3 hell knights (Depths:3)
  4 deep elf knights (Elf:1)
  2 iron trolls (Depths:3)
  3 deep elf archers
  A lindwurm (Vaults:1)
  A flayed ghost (Depths:3)
  5 deep trolls
  An ironbound convoker (Vaults:1)
  5 deep elf zephyrmancers
  11 deep elf pyromancers
  5 ugly things
  A salamander (shapeshifter) (Lair:6)
  A vault sentinel (Vaults:4)
  A tengu conjurer (Depths:1)
  3 large abominations (Depths:3)
  2 air elementals (Elf:2)
  2 fire elementals
  2 culicivoras (Spider:4)
  A redback (shapeshifter) (Elf:1)
  A killer bee (D:6)
  2 small abominations (Depths:3)
92 creatures vanquished.

Vanquished Creatures (others)
  A deep elf knight (Elf:1)
  2 hornets (Swamp:1)
  A small abomination (Abyss:3)
  3 fulminant prisms (Lair:6)
  57 fungi
  2 lurking horrors (Abyss:3)
  126 plants
  6 starspawn tentacles (Abyss:4)
  16 withered plants
214 creatures vanquished.

Grand Total: 2189 creatures vanquished

Notes
Turn   | Place    | Note
-------+----------+-------------------------------------------
     0 | D:1      | quokkamancerX the Draconian Conjurer began the quest for
                  | the Orb.
     0 | D:1      | Reached XP level 1. HP: 14/14 MP: 3/3
   328 | D:1      | Reached XP level 2. HP: 20/20 MP: 2/5
   446 | D:1      | Learned a level 2 spell: Searing Ray
   799 | D:1      | Reached XP level 3. HP: 9/26 MP: 1/7
  2603 | D:2      | Noticed Sigmund
  2613 | D:2      | Killed Sigmund
  2614 | D:2      | Reached XP level 4. HP: 21/33 MP: 8/10
  2614 | D:2      | Reached XP level 5. HP: 24/38 MP: 8/11
  3261 | D:2      | Found a faded altar of an unknown god.
  3881 | D:3      | Reached XP level 6. HP: 45/45 MP: 7/12
  3912 | D:3      | Reached skill level 5 in Stealth
  4983 | D:4      | Found a radiant altar of Vehumet.
  4984 | D:4      | Found a hazy altar of Hepliaklqana.
  4984 | D:4      | Found a white marble altar of Elyvilon.
  4984 | D:4      | Found a blossoming altar of Fedhas.
  4984 | D:4      | Found a hide-covered altar of Uskayaw.
  4985 | D:4      | Found a snail-covered altar of Cheibriados.
  4985 | D:4      | Found a shimmering blue altar of Sif Muna.
  4989 | D:4      | Became a worshipper of Vehumet
  5074 | D:4      | You fall into a shaft and drop 2 floors!
  5280 | D:6      | Your scales start taking on a lurid green colour.
  5280 | D:6      | Reached XP level 7. HP: 50/50 MP: 7/13
  5280 | D:6      | Gained mutation: Your system is resistant to poisons.
                  | (rPois) [Green Draconian growth]
  5411 | D:5      | Entered Level 5 of the Dungeon
  5431 | D:5      | Noticed Eustachio
  5550 | D:6      | Reached skill level 5 in Conjurations
  6293 | D:4      | Upgraded the game from 0.29-a0-451-gfbfa42419e to
                  | 0.29-a0-459-g97dee8cd24
  6325 | D:5      | Reached skill level 5 in Spellcasting
  6371 | D:5      | Reached XP level 8. HP: 57/57 MP: 7/16
  6546 | D:5      | Found an iron altar of Okawaru.
  6570 | D:5      | Found a glowing silver altar of Zin.
  6895 | D:5      | Found Liruergho's Assorted Antiques.
  6905 | D:5      | Bought an ivory ring for 125 gold pieces
  6905 | D:5      | Bought a scroll labelled QYBBESYREQ for 25 gold pieces
  7330 | D:5      | Killed Eustachio
  7443 | D:5      | Learned a level 4 spell: Fulminant Prism
  7448 | D:5      | Learned a level 4 spell: Iskenderun's Mystic Blast
  7663 | D:5      | Reached * piety under Vehumet
  7663 | D:5      | Offered knowledge of Shock by Vehumet.
  8338 | D:6      | Reached XP level 9. HP: 62/62 MP: 11/18
  8741 | D:6      | Found a bloodstained altar of Trog.
  9473 | D:7      | Reached skill level 10 in Conjurations
  9473 | D:7      | Reached skill level 1 in Transmutations
  9597 | D:7      | Found a flagged portal.
  9598 | D:7      | Noticed Duvessa
  9598 | D:7      | Noticed Dowan
  9614 | D:7      | Killed Duvessa
  9619 | D:7      | Killed Dowan
  9678 | Bailey   | Entered a bailey
  9783 | Bailey   | Learned a level 5 spell: Irradiate
  9798 | Bailey   | Offered knowledge of Freeze by Vehumet.
 10137 | Bailey   | Reached skill level 5 in Transmutations
 10203 | Bailey   | Reached ** piety under Vehumet
 10293 | Bailey   | Reached skill level 1 in Fighting
 10490 | Bailey   | Found an iron altar of Okawaru.
 10767 | D:7      | Found a staircase to the Ecumenical Temple.
 10962 | D:7      | Noticed Menkaure
 10968 | D:7      | Killed Menkaure
 11035 | D:7      | Reached XP level 10. HP: 63/79 MP: 11/19
 12098 | D:8      | Reached skill level 5 in Fighting
 12165 | D:8      | Got Zeqeek's Tome of Creative Clay
 12194 | D:8      | Noticed a two-headed ogre
 12207 | D:8      | Killed a two-headed ogre
 12871 | D:8      | Offered knowledge of Poisonous Vapours by Vehumet.
 13054 | D:8      | Noticed a two-headed ogre
 13066 | D:8      | Killed a two-headed ogre
 13803 | D:8      | Upgraded the game from 0.29-a0-459-g97dee8cd24 to
                  | 0.29-a0-468-ge57f7f99b4
 14217 | D:9      | Reached skill level 10 in Fighting
 15305 | D:9      | Noticed a cyclops
 15346 | D:9      | Killed a cyclops
 15347 | D:9      | Reached XP level 11. HP: 101/101 MP: 9/20
 15547 | D:9      | Reached *** piety under Vehumet
 15731 | D:9      | Offered knowledge of Stone Arrow by Vehumet.
 16360 | D:9      | Reached **** piety under Vehumet
 16361 | D:9      | Offered knowledge of Lee's Rapid Deconstruction by Vehumet.
 16635 | D:10     | Entered Level 10 of the Dungeon
 16793 | D:10     | Noticed a two-headed ogre
 16827 | D:10     | Killed a two-headed ogre
 16954 | D:10     | Found a staircase to the Lair.
 17089 | D:10     | Reached skill level 5 in Dodging
 17183 | D:10     | Noticed a boulder beetle
 17191 | D:10     | Killed a boulder beetle
 17804 | D:10     | Found a staircase to the Orcish Mines.
 18199 | D:10     | Noticed Erica
 18206 | D:10     | Killed Erica
 18206 | D:10     | Reached ***** piety under Vehumet
 18544 | D:10     | Noticed a centaur warrior
 18571 | D:10     | Killed a centaur warrior
 19615 | D:11     | Noticed a boulder beetle
 19634 | D:11     | Learned a level 5 spell: Lee's Rapid Deconstruction
 19643 | D:11     | Killed a boulder beetle
 19644 | D:11     | Reached XP level 12. HP: 112/112 MP: 16/22
 19777 | D:11     | Noticed a two-headed ogre
 19793 | D:11     | Killed a two-headed ogre
 20947 | D:11     | HP: 5/112 [skeletal warrior/+0 flail (19)]
 21424 | D:12     | Reached skill level 5 in Earth Magic
 21789 | D:12     | Found a bloodstained altar of Trog.
 22340 | D:10     | Noticed a two-headed ogre
 22353 | D:10     | Killed a two-headed ogre
 22353 | D:10     | Offered knowledge of Conjure Ball Lightning by Vehumet.
 22438 | Lair:1   | Entered Level 1 of the Lair of Beasts
 24859 | Lair:2   | Reached XP level 13. HP: 118/118 MP: 18/25
 25431 | Lair:1   | Offered knowledge of Starburst by Vehumet.
 25798 | Lair:3   | Reached skill level 10 in Earth Magic
 26931 | Lair:3   | Found a staircase to the Swamp.
 27503 | Lair:4   | Learned a level 4 spell: Petrify
 27842 | Lair:4   | Reached skill level 10 in Spellcasting
 28677 | Lair:4   | Reached skill level 5 in Shields
 29164 | Lair:4   | Found a hole to the Spider Nest.
 30267 | Lair:4   | Identified the +2 scale mail "Irutroeb" {Contam rElec
                  | rF+++}
 31781 | Lair:6   | Entered Level 6 of the Lair of Beasts
 31805 | Lair:6   | Gained mutation: Your tail ends in a venomous barb. [Green
                  | Draconian growth]
 31805 | Lair:6   | Reached XP level 14. HP: 124/127 MP: 17/28
 32759 | Lair:6   | Offered knowledge of Lightning Bolt by Vehumet.
 33601 | Lair:6   | Reached skill level 15 in Fighting
 35248 | Lair:6   | Found a corrupted altar of Lugonu.
 35249 | Lair:6   | Found a one-way gate to the infinite horrors of the Abyss.
 36147 | Lair:6   | Reached XP level 15. HP: 144/144 MP: 17/29
 36405 | Lair:6   | Offered knowledge of Fireball by Vehumet.
 36555 | Lair:6   | Found a staircase to the Slime Pits.
 36556 | Lair:6   | Found a viscous altar of Jiyva.
 37101 | Orc:1    | Entered Level 1 of the Orcish Mines
 37156 | Orc:1    | Noticed an orc warlord
 37248 | D:10     | Killed an orc warlord
 37966 | Orc:1    | Noticed an orc warlord
 38107 | D:10     | Killed an orc warlord
 39034 | Orc:2    | Entered Level 2 of the Orcish Mines
 39305 | Orc:2    | Noticed Jorgrun
 39448 | Orc:1    | Killed Jorgrun
 39892 | Orc:2    | Offered knowledge of Iron Shot by Vehumet.
 39944 | Orc:1    | Learned a level 6 spell: Iron Shot
 41149 | Orc:2    | Found Yjegur's Mass Market.
 41150 | Orc:2    | Found a staircase to the Elven Halls.
 41686 | Orc:2    | Found Pigu's Armour Shop.
 41689 | Orc:2    | Found Wapsir's Antique Armour Shoppe.
 41695 | Orc:2    | Found Radocum's Weapon Emporium.
 41701 | Orc:2    | Found Sadacw's Armour Shoppe.
 42057 | Orc:2    | Bought a brightly glowing buckler for 294 gold pieces
 42057 | Orc:2    | Identified the -2 buckler of the Nice Jabberwock {Regen+
                  | rCorr Int-5} (You bought it in a shop on level 2 of the
                  | Orcish Mines)
 42482 | D:13     | Noticed Kirke
 42665 | D:13     | Reached skill level 15 in Conjurations
 42965 | D:13     | Identified the +4 falchion of Hepliaklqana's Whim {pain,
                  | Dex+2}
 44235 | D:13     | Noticed Rupert
 44242 | D:13     | Killed Rupert
 44727 | D:13     | Killed Kirke
 44944 | D:14     | Found a sacrificial altar of Ru.
 45228 | D:14     | Reached XP level 16. HP: 114/151 MP: 30/30
 46738 | D:14     | Found a gate to the Vaults.
 47438 | D:15     | Entered Level 15 of the Dungeon
 48360 | D:15     | Offered knowledge of Yara's Violent Unravelling by Vehumet.
 48406 | D:14     | Learned a level 5 spell: Yara's Violent Unravelling
 48788 | D:15     | Found a staircase to the Depths.
 50288 | Swamp:1  | Entered Level 1 of the Swamp
 51674 | Swamp:1  | Reached skill level 15 in Earth Magic
 51688 | Swamp:1  | Reached skill level 1 in Hexes
 53422 | Swamp:2  | Reached skill level 5 in Hexes
 53948 | Swamp:3  | Noticed Mara
 53954 | Swamp:3  | Killed Mara
 54383 | Swamp:3  | Reached XP level 17. HP: 158/158 MP: 18/31
 54665 | Swamp:3  | Identified the +3 scale mail of the Fiddle {rC+ rN+ Int+7
                  | Dex-4}
 55019 | Swamp:4  | Entered Level 4 of the Swamp
 55301 | Swamp:4  | Offered knowledge of Spellforged Servitor by Vehumet.
 55594 | Swamp:3  | Reached skill level 10 in Shields
 56011 | Swamp:4  | Found a shimmering altar of Xom.
 56689 | Swamp:3  | Learned a level 7 spell: Spellforged Servitor
 56999 | Swamp:4  | Got a decaying rune of Zot
 57294 | Swamp:4  | Found a corrupted altar of Lugonu.
 57727 | Spider:1 | Entered Level 1 of the Spider Nest
 57729 | Spider:1 | Noticed Mlioglotl
 57841 | Spider:1 | Killed Mlioglotl
 57849 | Lair:4   | Reached skill level 1 in Summonings
 58930 | Spider:1 | Identified Roxanne's Almanac of Stones
 58930 | Spider:1 | Noticed Roxanne
 58936 | Spider:1 | Reached skill level 5 in Summonings
 59238 | Spider:1 | Killed Roxanne
 60007 | Spider:1 | Reached XP level 18. HP: 166/166 MP: 32/32
 60290 | Spider:2 | You fall into a shaft and drop 1 floor!
 61395 | Spider:3 | Noticed Asterion
 61614 | Spider:3 | Killed Asterion
 62082 | Spider:3 | Noticed Bai Suzhen
 62170 | Spider:3 | Noticed Nikola
 62317 | Spider:3 | Reached ****** piety under Vehumet
 62584 | Spider:3 | Offered knowledge of Fire Storm by Vehumet.
 62584 | Spider:3 | Offered knowledge of Polar Vortex by Vehumet.
 62584 | Spider:3 | Offered knowledge of Ignition by Vehumet.
 62826 | Spider:3 | Killed Bai Suzhen
 62827 | Spider:3 | Reached XP level 19. HP: 172/172 MP: 24/33
 62887 | Spider:3 | Learned a level 8 spell: Lehudib's Crystal Spear
 62950 | Spider:3 | Killed Nikola
 63554 | Spider:4 | Entered Level 4 of the Spider Nest
 63758 | Spider:4 | Reached skill level 10 in Summonings
 65924 | Spider:4 | Reached skill level 10 in Dodging
 68366 | Spider:4 | Got a gossamer rune of Zot
 68730 | Vaults:1 | Entered Level 1 of the Vaults
 73442 | Vaults:2 | Identified the +2 chain mail "Qesicie" {Regen+}
 74660 | Vaults:2 | Reached XP level 20. HP: 183/187 MP: 32/34
 76606 | Vaults:2 | Found a staircase to the Crypt.
 77347 | Vaults:3 | Found a crumbling gateway.
 77471 | Desolati | Entered the Desolation of Salt
 79621 | Desolati | Identified the ring "Rant" {rElec MP+9}
 79778 | Desolati | Identified the amulet of Anarchy {Acrobat rC+}
 80959 | Desolati | Identified the +6 quarterstaff "Gietepp" {freeze, +Blink
                  | rElec rN+ Dex+6}
 81386 | Desolati | Identified the +10 battleaxe "Xiwk" {vorpal, rN+}
 81581 | Desolati | Identified the +5 mace of Xoemmo {antimagic, *Corrode rN++
                  | Str+2}
 81594 | Desolati | Identified the +2 robe of Custranie {Harm MP+9 Dex+4}
 81872 | Desolati | Identified the +8 chain mail "Raratis" {rElec rF+ Str+7
                  | Stlth-}
 82082 | Vaults:3 | Found Xumiunt's Antique Weapon Boutique.
 82439 | Vaults:3 | Bought a glowing demon whip for 594 gold pieces
 84085 | Vaults:3 | Reached skill level 15 in Shields
 84347 | Vaults:3 | Reached XP level 21. HP: 170/201 MP: 10/35
 84768 | Vaults:3 | Paralysed by a sphinx for 2 turns
 90727 | D:15     | Upgraded the game from 0.29-a0-468-ge57f7f99b4 to
                  | 0.29-a0-472-ge5599a681e
 90729 | Depths:1 | Entered Level 1 of the Depths
 90887 | Depths:1 | Found a shadowy altar of Dithmenos.
 92228 | Depths:1 | Found a one-way gate leading to the halls of Pandemonium.
 92316 | Depths:1 | Found a gateway to Hell.
 94373 | Depths:2 | Found Jarreuq's General Store.
 95070 | Depths:2 | Reached XP level 22. HP: 184/200 MP: 13/36
 96689 | Depths:2 | You fall into a shaft and drop 1 floor!
 96689 | Depths:3 | Found a one-way gateway to a ziggurat.
 97326 | Depths:3 | Noticed a juggernaut
 97330 | Depths:3 | Killed a juggernaut
 97469 | Depths:3 | Noticed a caustic shrike
 97581 | Depths:3 | Killed a caustic shrike
 97721 | Depths:3 | Found a sparkling altar of Nemelex Xobeh.
100204 | Depths:4 | Entered Level 4 of the Depths
100204 | Depths:4 | Noticed Xtahua
100208 | Depths:4 | Killed Xtahua
100208 | Depths:4 | Noticed Louise
100372 | Depths:4 | Killed Louise
101014 | Depths:4 | Noticed a golden dragon
101020 | Depths:4 | Killed a golden dragon
101050 | Depths:4 | Found Lerphoram's Antique Armour Shoppe.
101161 | Depths:4 | Found a gate to the Realm of Zot.
101197 | Depths:4 | Noticed Frederick
101203 | Depths:4 | Killed Frederick
101407 | Depths:4 | Bought a pair of glowing gloves for 330 gold pieces
102779 | Elf:1    | Entered Level 1 of the Elven Halls
103151 | Elf:1    | Identified a scroll of acquirement
103164 | Elf:1    | Acquired the +3 pair of seven-league boots {Rampage+∞}
103164 | Elf:1    | Found the +3 pair of seven-league boots {Rampage+∞}
104874 | Elf:2    | Found a stormy altar of Qazlal.
104876 | Elf:2    | Paralysed by an air elemental for 1 turns
104877 | Elf:2    | Reached XP level 23. HP: 206/215 MP: 29/37
105703 | Elf:2    | Found a runed translucent gate.
105703 | Elf:2    | Found a runed translucent gate.
105703 | Elf:2    | Found a runed translucent gate.
106007 | Elf:3    | Entered Level 3 of the Elven Halls
106024 | Elf:2    | Found a radiant altar of Vehumet.
106910 | Elf:3    | Found a radiant altar of Vehumet.
107780 | Elf:3    | Cast into level 3 of the Abyss (a deep elf demonologist)
108175 | Abyss:3  | Found a candlelit altar of Ignis.
108358 | Abyss:3  | Paralysed by accursed screaming for 2 turns
108444 | Abyss:3  | Paralysed by accursed screaming for 1 turns
108449 | Abyss:3  | Paralysed by accursed screaming for 1 turns
108494 | Abyss:3  | Found a corrupted altar of Lugonu.
109508 | Abyss:4  | Found a corrupted altar of Lugonu.
109540 | Abyss:4  | HP: 7/172 [raiju/living lightning (4)]
109638 | Abyss:4  | Gained mutation: [You are extremely frail. (-30% HP)] [a
                  | neqoxec]
109639 | Abyss:4  | Gained mutation: You are weak. (Str -2) [a neqoxec]
109716 | Abyss:4  | HP: 1/150 [starcursed mass/accursed screaming (9)]
109728 | Abyss:4  | Mangled by a thrashing horror

Illustrated notes

Levels and vault maps discovered:
D:1:      beargit_arrival_greenhouse, layout_basic, lexackson_kobold_supper
D:2:      layout_loops_ring, shapermc_ecumenical_altar_hornbeckon, uniq_sigmund
D:3:      layout_basic
D:4:      layout_rooms, grunt_temple_overflow_open, grunt_ministairs_1
D:5:      layout_gridville, jmf_multi_god_temple, serial_shops,
          nicolae_stop_n_shop_1, serial_bayou_pond_a, uniq_eustachio
D:6:      layout_cave_pods, lemuel_round_altar, minivault_14
D:7:      layout_loops_corners, minmay_temple_entry_nine_rooms, enter_bailey_5,
          minmay_misc_feat_more_columns, uniq_menkaure, uniq_duvessa
D:8:      layout_rooms, kennysheep_generic_room_13
D:9:      layout_roguey [special_room_kobold], special_room [special_room_orc],
          minmay_orc_keep
D:10:     kennysheep_six_static_rooms, layout_long_grid, david_lair_shrubbed,
          kennysheep_orc_monster_closet_entryway, grunt_decor_junction,
          uniq_erica
D:11:     layout_basic
D:12:     layout_cave_pools, trog_butcher_becter
D:13:     layout_grid_maze, uniq_kirke, uniq_rupert
D:14:     layout_rooms, erik_vaults_2, hangedman_ru_absence, minivault_25,
          beargit_elvish_explorers
D:15:     gammafunk_depths_entry_grave, layout_irregular_city
Lair:1:   lemuel_ratsnest, layout_cave_pods, special_room [special_room_bee],
          serial_bayou_shore_b, infiniplex_staircase_pool, serial_bayou_shore_a
Lair:2:   layout_concentric_octagons, grunt_megastairs_1
Lair:3:   layout_chaotic_city, minmay_swamp_entry_reptiles,
          minmay_stone_trees_small
Lair:4:   layout_regular_city, nicolae_spider_entry_non_spiders
Lair:5:   layout_loops_ring, guppyfry_lair_drakes
Lair:6:   hellmonk_lair_end_abyssal_woods, layout_hall_layers, slime_altar_1,
          lemuel_fruit_tree, serial_bayou_shore_b, grunt_megastairs_5
Swamp:1:  layout_basic_swamp, evilmike_swamp_ruin_house_6, swamp_pool1
Swamp:2:  layout_basic_swamp, nicolae_swamp_dense_foliage, swamp_pool1
Swamp:3:  layout_basic_swamp, hangedman_swamp_cone, uniq_mara
Swamp:4:  swamp, layout_basic_swamp, swamp_pool5, lemuel_altar_in_water,
          amcnicky_altar_lugonu_corruption
Spider:1: layout_spider_delve, uniq_mlioglotl, uniq_roxanne
Spider:2: layout_spider_delve
Spider:3: layout_cave_pods, nicolae_spider_spiderdrome, uniq_asterion,
          uniq_bai_suzhen, uniq_nikola
Spider:4: guppyfry_spider_rune
Orc:1:    layout_caves, nicolae_orc_stony_grotto
Orc:2:    st_orc_open, layout_diamond_mine, minmay_shop_mass, uniq_jorgrun
Elf:1:    layout_geoelf_diagonals, evilmike_minifort
Elf:2:    nicolae_elf_blades_splatter_lattice
          [nicolae_blade_entry_sentries_behind_glass], layout_geoelf_octagon,
          minivault_23, nicolae_elf_altarnating, lemuel_upstairs_altar,
          uniq_azrael
Elf:3:    elf_hall, layout_geoelf_diagonals, david_defended_altar_elf
Vaults:1: vaults_dpeg_spiral, nicolae_vaults_little_squares_2,
          nicolae_vaults_theta, ontoclasm_vaults_idyll,
          nicolae_vaults_rhombus_7, v_misc_9, v_misc_24, vaults_room_corners,
          vaults_room_grunt_arrival_ludios, nicolae_vaults_rhombus_7,
          layout_vaults_ring
Vaults:2: minmay_crypt_entry_skeletal_spiral, hangedman_vaults_cutoff, v_misc_3,
          nicolae_vaults_inception_scallops, hangedman_vaults_slice,
          ontoclasm_vaults_shuriken, nicolae_vaults_angled_halls,
          nicolae_vaults_shelves_hall, nicolae_vaults_little_squares_4,
          nicolae_vaults_little_squares_3, layout_vaults_omnicross
Vaults:3: portal_desolation_entry_salt, nicolae_vaults_little_ls,
          dpeg_vaults_monster_row, hangedman_vaults_pinch,
          nicolae_vaults_disjoint_gnomons, hangedman_vaults_stream,
          nicolae_vaults_specimen_jars, v_misc_2,
          nicolae_vaults_ring_of_whatevers, hangedman_vaults_impose,
          v_pattern_5, nicolae_vaults_theta, layout_vaults_maze_snakey,
          serial_shops, nicolae_shop_hallway_stairs
Vaults:4: nicolae_vaults_minivaults, nicolae_vaults_windows_and_doors_thing,
          hangedman_vaults_nails, v_rooms_5, nicolae_vaults_network_periphery,
          ontoclasm_vaults_ring_large, ontoclasm_vaults_pinch,
          ontoclasm_vaults_ligature, nicolae_vaults_theta,
          nicolae_vaults_little_squares_1, grunt_vaults_hallway_short,
          layout_vaults_omnibox
Depths:1: layout_gridlike, rand_demon_pan_entry_7, hangedman_abyss_entry_splay,
          hell_entry, minmay_misc_feat_encased, hangedman_decor_peaks_small,
          nicolae_dithmenos_shadow_blocks
Depths:2: minmay_ornate_pinched, layout_honeycomb, grunt_hell_entry_dis_grunt,
          hangedman_decor_diamond_cutter, serial_shops, kennysheep_mini,
          rand_demon_pan_entry_9, infiniplex_staircase_zigzag_4,
          serial_bayou_shore_b
Depths:3: minmay_strange_plus, layout_cave_pools, enter_ziggurat_c,
          minmay_room_of_horrors, nemelex_xobeh_ov_fountains_minmay, hell_entry,
          kennysheep_diamond, kennysheep_windowed_goal
Depths:4: evilmike_zot_entry_diamond, layout_cave_shapes, mu_enter_wizlab_4,
          serial_shops, shop, nicolae_abyss_entry_one_way_or_another,
          hell_entry, hangedman_corner_corridor, uniq_xtahua, uniq_frederick
Abyss:4:  base: Spider:3, evilmike_abyss_exit_mutagenic, minivault_4,
          due_exit_kobolds, minivault_1, hangedman_abyss_river_spirits,
          minivault_1, nicolae_abyss_rune_star_stuff

Skill      XL: |  1  2  3  4  5  6  7  8  9 10 11 12 13 14 15 16 17 18 19 20 21 22 23 |
---------------+----------------------------------------------------------------------+-----
Spellcasting   | 3 4 5 6 8 10 | 10.0
Stealth        | 4 6 7 8 |  8.0
Conjurations   | 6 9 10 11 15 18 19 | 19.8
Transmutations | 6 |  6.0
Fighting       | 4 10 12 16 17 20 | 20.0
Dodging        | 8 12 | 12.0
Earth Magic    | 9 10 11 15 19 20 | 20.0
Shields        | 8 12 15 16 | 16.0
Hexes          | 6 |  6.0
Summonings     | 6 9 10 | 10.0

Action                   |  1- 3 |  4- 6 |  7- 9 | 10-12 | 13-15 | 16-18 | 19-21 | 22-24 || total
-------------------------+-------+-------+-------+-------+-------+-------+-------+-------++-------
Melee: Mace              |   317 |    11 |     8 |       |       |       |       |       ||   336
       Dagger            |     3 |       |       |       |       |       |       |       ||     3
       Tailslap          |    84 |     1 |     2 |     8 |    25 |     6 |    47 |    24 ||   197
       Punch             |     8 |       |       |     1 |       |       |       |       ||     9
       Scimitar          |       |       |     5 |    74 |    74 |     2 |       |       ||   155
       Staff             |       |       |       |       |    63 |    48 |    23 |    18 ||   152
       Demon trident     |       |       |       |       |       |     3 |    73 |       ||    76
       Demon whip        |       |       |       |       |       |       |    55 |   112 ||   167
Throw: Dart              |       |       |       |     2 |       |     3 |       |       ||     5
 Cast: Magic Dart        |    72 |    93 |   127 |   286 |   264 |    56 |    36 |     8 ||   942
       Searing Ray       |     4 |     9 |    66 |   126 |   150 |     9 |       |       ||   364
       Iskenderun's Myst |       |       |     1 |       |       |       |       |       ||     1
       Irradiate         |       |       |       |    74 |   177 |   111 |   173 |    21 ||   556
       Lee's Rapid Decon |       |       |       |       |    32 |     2 |    33 |     3 ||    70
       Petrify           |       |       |       |       |    11 |       |       |       ||    11
       Fulminant Prism   |       |       |       |       |     3 |       |       |       ||     3
       Iron Shot         |       |       |       |       |    94 |   332 |   664 |   403 ||  1493
       Yara's Violent Un |       |       |       |       |       |     3 |     2 |     1 ||     6
       Spellforged Servi |       |       |       |       |       |       |    20 |    31 ||    51
 Abil: Breathe Noxious F |       |       |    17 |    19 |     5 |     4 |     6 |       ||    51
Evoke: Wand              |       |       |       |       |       |     1 |    14 |       ||    15
       Phantom mirror    |       |       |       |       |       |     1 |       |     1 ||     2
  Use: Scroll            |     1 |     1 |     8 |    10 |     8 |     4 |    28 |    15 ||    75
       Potion            |     1 |       |       |     1 |     1 |     6 |    12 |    15 ||    36
 Stab: Sleeping          |       |       |       |     1 |     3 |       |       |     1 ||     5
       Distracted        |       |       |       |       |       |       |     1 |     1 ||     2
Armor: Skin              |     6 |     4 |    23 |    89 |   228 |   122 |   224 |    95 ||   791
Dodge: Dodged            |    19 |    17 |   126 |   320 |   652 |   258 |   546 |   139 ||  2077
Block: Kite shield       |       |       |       |    47 |   393 |   220 |   441 |       ||  1101
       Tower shield      |       |       |       |       |       |       |   126 |   434 ||   560

Table legend: (Time is in decaauts)
 A = Elapsed time spent in this place.
 B = Non-inter-level travel time spent in this place.
 C = Inter-level travel time spent in this place.
 D = Time resting spent in this place.
 E = Time spent auto-exploring this place.
 F = Levels seen in this place.
 G = Mean time per level.
                   A        B        C        D        E       F      G
               +--------+--------+--------+--------+--------+-----+--------+
         Total | 110656 | 107097 |   3559 |  56883 |   8007 |  46 | 2405.6 |
       Dungeon |  32298 |  30580 |   1718 |  14304 |   3600 |  15 | 2153.2 |
          Lair |  15774 |  15187 |    587 |   7797 |   1127 |   6 | 2629.0 |
         Swamp |   7742 |   7456 |    286 |   4464 |    597 |   4 | 1935.5 |
   Spider Nest |   9748 |   9564 |    184 |   5245 |    843 |   4 | 2437.0 |
  Orcish Mines |   4432 |   4310 |    122 |   2359 |    244 |   2 | 2216.0 |
   Elven Halls |   5009 |   4963 |     46 |   2405 |    258 |   3 | 1669.7 |
        Vaults |  16580 |  16230 |    350 |   9723 |    599 |   4 | 4145.0 |
        Depths |  11774 |  11511 |    263 |   6407 |    737 |   4 | 2943.5 |
         Abyss |   1959 |   1959 |      0 |    963 |      0 |   2 |  979.5 |
        Bailey |    892 |    892 |      0 |    383 |      0 |   1 |  892.0 |
    Desolation |   4443 |   4443 |      0 |   2832 |      0 |   1 | 4443.0 |
               +--------+--------+--------+--------+--------+-----+--------+

Top non-repeatable levels by time:
Depths:2: 4714 daAuts
Vaults:2: 4635 daAuts
  Lair:6: 4593 daAuts
Desolation: 4443 daAuts
Vaults:4: 4200 daAuts
Vaults:3: 3960 daAuts
    D:10: 3800 daAuts
Vaults:1: 3784 daAuts
Spider:4: 3731 daAuts
  Lair:4: 3500 daAuts
    D:14: 3441 daAuts
    D:13: 3262 daAuts
Spider:3: 3030 daAuts
   Orc:1: 3011 daAuts
Depths:3: 2962 daAuts
